Map: Hecate LE

Players

Anyelino - Winner!

  • Race: Protoss Protoss
  • League: Bronze
  • Spawn Location: 7:00

demzi

  • Race: Zerg Zerg
  • League: Silver
  • Spawn Location: 1:00

VOD

Have the link to the VOD?

Description

Time

  • Played on: March 20, 2024, 7:11 p.m.
  • Length: 11:41
Show
View Real Time Build Order
Export as new Build Order

Anyelino Protoss - Winner!

Build Orders: Chargelot Immortal, Mass Adepts 

Get SALT Encoding   

  12  0:00  Probe  
  13  0:13  Pylon  
  13  0:18  Probe  
  14  0:32  Gateway  
  14  0:36  Probe (Chrono Boost)  
  15  0:45  Probe (Chrono Boost)  
  16  0:50  Probe (Chrono Boost)  
  16  0:55  Pylon  
  17  1:02  Assimilator, Probe  
  18  1:14  Probe  
  19  1:19  Cybernetics Core  
  19  1:26  Probe  
  20  1:38  Probe  
  21  1:47  Nexus  
  21  1:56  Warp Gate, Pylon  
  21  2:02  Adept (Chrono Boost)  
  23  2:14  Gateway  
  23  2:22  Assimilator  
  23  2:29  Adept (Chrono Boost)  
  23  2:32  Probe  
  26  2:40  Gateway  
  26  2:45  Probe  
  27  2:52  Stalker  
  30  3:05  Probe x2 (Chrono Boost)  
  31  3:15  Probe x2 (Chrono Boost)  
  33  3:20  Twilight Council, Probe x2 (Chrono Boost)  
  35  3:30  Robotics Facility  
  35  3:33  Probe (Chrono Boost)  
  37  3:36  Probe (Chrono Boost)  
  37  3:45  Probe (Chrono Boost)  
  38  3:53  Adept x2  
  38  3:54  Adept  
  44  3:59  Pylon  
  44  4:02  Pylon, Probe  
  45  4:03  Probe  
  45  4:04  Resonating Glaives (Chrono Boost)  
  46  4:16  Pylon  
  46  4:18  Observer  
  46  4:19  Pylon  
  46  4:21  Probe  
  46  4:22  Probe  
  49  4:33  Probe  
  49  4:34  Probe  
  49  4:35  Adept x3  
  57  4:46  Gateway  
  57  4:50  Gateway  
  57  4:56  Adept x3  
  63  5:11  Warp Prism (Chrono Boost)  
  63  5:17  Adept x3  
  71  5:29  Pylon  
  71  5:30  Assimilator  
  71  5:32  Assimilator, Pylon  
  71  6:11  Adept  
  71  6:12  Adept x4  
  75  6:38  Zealot x4  
  75  6:39  Zealot  
  83  6:59  Immortal (Chrono Boost)  
  83  7:00  Nexus, Forge x2  
  79  7:03  Pylon  
  79  7:04  Gateway  
  79  7:06  Pylon  
  75  7:09  Assimilator  
  75  7:11  Assimilator  
  63  7:31  Immortal (Chrono Boost)  
  63  7:33  Zealot  
  63  7:34  Zealot x4  
  69  7:44  Charge (Chrono Boost)  
  65  7:53  Probe  
  65  7:54  Probe  
  65  7:59  Photon Cannon  
  65  8:01  Photon Cannon  
  65  8:02  Immortal (Chrono Boost)  
  65  8:04  Photon Cannon  
  67  8:06  Shield Battery, Probe x2  
  67  8:09  Shield Battery  
  61  8:18  Probe x2  
  63  8:26  Probe  
  64  8:30  Zealot x4, Protoss Ground Armor Level 1 (Chrono Boost), Protoss Ground Weapons Level 1 (Chrono Boost), Probe x2  
  64  8:31  Zealot  
  76  8:38  Probe  
  77  8:48  Templar Archives  
  77  8:49  Photon Cannon  
  77  8:52  Photon Cannon  
  77  8:56  Photon Cannon  
  77  8:59  Pylon  
  77  9:00  Pylon  
  77  9:03  Probe x2  
  79  9:14  Immortal (Chrono Boost)  
  83  9:18  Psionic Storm  
  83  9:39  Photon Cannon  
  83  9:43  Immortal (Chrono Boost)  
  83  9:47  Zealot x5  
  83  9:48  Zealot  
  99  10:03  Gateway  
  99  10:04  Gateway  
  99  10:15  Observer  
  100  10:22  Pylon  
  100  10:24  Stalker x5  
  100  10:25  Stalker  
  112  10:33  Gateway  
  112  10:37  Observer  
  112  10:38  Gateway  
  113  10:53  Zealot x4  
  113  10:54  Zealot x2  
  111  11:20  Nexus  
  111  11:22  Zealot x2, Assimilator  
  111  11:23  Zealot x5  
  111  11:24  Zealot  
  111  11:25  Assimilator  
  121  11:27  Pylon  
Show
View Real Time Build Order
Export as new Build Order

demzi Zerg 

Build Orders: Hatch First 

Get SALT Encoding   

  12  0:00  Drone  
  13  0:13  Overlord  
  13  0:17  Drone  
  14  0:31  Drone x2  
  16  1:06  Drone x3  
  16  1:08  Hatchery  
  18  1:14  Spawning Pool  
  17  1:20  Extractor, Drone  
  17  1:33  Drone  
  17  1:38  Drone  
  19  1:49  Drone  
  20  2:01  Overlord  
  20  2:16  Overlord  
  20  2:23  Queen x2  
  20  2:24  Zergling x2  
  20  2:25  Zergling x2  
  26  2:32  Drone  
  26  2:33  Drone  
  28  2:41  Drone  
  28  2:42  Drone  
  30  2:52  Drone  
  30  2:53  Drone  
  32  3:00  Lair  
  32  3:04  Queen  
  34  3:06  Drone x2  
  36  3:21  Overlord  
  36  3:22  Drone  
  36  3:26  Extractor  
  36  3:27  Extractor  
  36  3:28  Drone x2  
  36  3:33  Drone x2  
  36  3:34  Drone x4  
  43  3:38  Overlord  
  43  3:40  Metabolic Boost  
  42  3:54  Zergling x4  
  42  3:55  Zergling x2  
  44  3:57  Roach Warren  
  44  4:02  Queen  
  45  4:05  Zergling x2  
  45  4:06  Zergling x8  
  50  4:14  Drone x3  
  50  4:15  Drone  
  54  4:22  Drone  
  54  4:23  Evolution Chamber x2  
  53  4:25  Drone  
  53  4:29  Drone  
  55  4:46  Hatchery  
  54  4:54  Zerg Missile Weapons Level 1  
  54  4:55  Glial Reconstitution, Zerg Ground Armor Level 1  
  54  5:04  Extractor  
  54  5:05  Drone x3  
  54  5:06  Drone x2  
  54  5:07  Drone  
  57  5:10  Roach  
  57  5:11  Roach  
  57  5:12  Overlord x2  
  57  5:13  Overlord  
  59  5:28  Overlord x2  
  59  5:41  Drone  
  59  5:42  Drone x3  
  63  5:45  Extractor  
  63  5:47  Roach  
  63  5:48  Extractor  
  48  5:58  Zergling x2, Roach  
  48  5:59  Roach x5  
  57  6:18  Roach x2  
  55  6:26  Roach x2  
  50  6:42  Queen  
  50  6:43  Queen  
  50  6:44  Queen  
  40  7:30  Drone x3  
  40  7:31  Drone x2  
  40  7:34  Drone  
  46  7:47  Drone  
  46  7:48  Drone x3  
  48  8:01  Drone x4  
  51  8:09  Queen  
  49  8:25  Overlord  
  49  8:26  Drone, Roach Warren  
  50  8:27  Drone x2  
  50  8:33  Drone x2  
  53  8:35  Drone  
  53  8:37  Drone  
  53  8:38  Drone  
  53  8:40  Drone  
  57  8:42  Drone  
  58  9:06  Roach x8  
  74  9:16  Drone x6  
  80  9:32  Drone  
  80  9:33  Drone x2  
  80  9:35  Hatchery  
  82  9:39  Drone x3  
  82  9:41  Drone x2  
  82  9:43  Drone  
  82  9:44  Drone  
  89  9:47  Overlord  
  89  9:50  Overlord  
  89  9:53  Overlord  
  89  10:06  Drone  
  89  10:07  Drone x2  
  91  10:10  Drone x3  
  91  10:13  Drone  
  91  10:14  Drone x2  
  98  10:15  Drone  
  98  10:16  Drone  
  98  10:17  Drone  
  101  10:25  Queen  
  101  10:27  Roach x4  
  111  10:29  Roach  
  111  10:35  Hydralisk Den  
  112  10:39  Overlord  
  112  10:43  Roach  
  112  10:44  Roach x4  
  118  10:59  Roach  
  118  11:00  Roach x9  
  104  11:16  Roach  
  104  11:17  Roach x4  
Tags
 
Add a new tag
Caveats
  • Supply blocks, unpowered buildings, or Contaminate may cause inaccurate times.
  • Supply counts are checked every 10 seconds.